 Dungeon Crawl Stone Soup version 0.23.2-33-g5129a83184 (webtiles) character file.

Game seed: 6237183718016674487

2310 H0rd4k the Slicer (level 9, -3/68 HPs)
             Began as a Human Artificer on Aug 5, 2019.
             Was an Initiate of Gozag.
             Killed by divine providence
             ... invoked by an orc priest
              (10 damage)
             ... on level 7 of the Dungeon on Aug 6, 2019.
             The game lasted 00:18:08 (8822 turns).

H0rd4k the Slicer (Human Artificer)                 Turns: 8822, Time: 00:18:08

Health: -3/68      AC: 21    Str: 25    XL:     9   Next: 68%
Magic:  12/12      EV: 11    Int: 18    God:    Gozag
Gold:   930        SH:  0    Dex: 13    Spells: 8/8 levels left

rFire    . . .     SeeInvis .   q - +2 long sword (slice)
rCold    . . .     Gourm    .   (no shield)
rNeg     . . .     Faith    .   L - +6 scale mail of the Valley {rElec Str+6}
rPois    .         Spirit   .   y - +2 helmet
rElec    +         Reflect  .   (no cloak)
rCorr    .         Harm     .   m - +1 pair of gloves
MR       .....                  E - +2 pair of boots "Xecotum" {*Slow rElec Int+6}
Stlth    +.........             (no amulet)
HPRegen  0.21/turn              w - +3 ring of strength
MPRegen  0.13/turn              (no ring)

@: no status effects
A: no striking features
a: Potion Petition, Call Merchant, Bribe Branch, Renounce Religion


You were on level 7 of the Dungeon.
You worshipped Gozag.
Gozag was pleased with you.
You were not hungry.

You visited 2 branches of the dungeon, and saw 8 of its levels.

You collected 990 gold pieces.
You paid 60 gold pieces to Gozag.

Inventory:

Hand Weapons
 a - a +0 short sword
 p - a +2 dagger of venom
 q - a +2 long sword of slicing (weapon)
 D - a +1 dagger of draining
 F - a +0 blowgun
Missiles
 x - 7 silver tomahawks (quivered)
 H - 34 poisoned needles
Armour
 m - a +1 pair of gloves (worn)
 s - +0 gold dragon scales
 y - a +2 helmet (worn)
 E - the +2 pair of boots "Xecotum" (worn) {*Slow rElec Int+6}
   (You found it on level 5 of the Dungeon)

   It affects your intelligence (+6).
   It insulates you from electricity.
   It may slow you when you take damage.
 L - the +6 scale mail of the Valley (worn) {rElec Str+6}
   (You found it on level 7 of the Dungeon)

   It affects your strength (+6).
   It insulates you from electricity.
Magical Staves
 B - an uncursed staff of conjuration
Jewellery
 w - a +3 ring of strength (left hand)
Wands
 c - a wand of flame (3)
 d - a wand of enslavement (15)
 e - a wand of random effects (24)
 g - a wand of paralysis (3)
 K - a wand of scattershot (5)
Scrolls
 b - a scroll of magic mapping
 k - 2 scrolls of remove curse
 n - 2 scrolls of immolation
 r - 2 scrolls of teleportation
 u - a scroll of noise
 G - a scroll of blinking
 I - 3 scrolls of identify
Potions
 h - 3 potions of brilliance
 i - 2 potions of curing
 j - a potion of mutation
 l - a potion of invisibility
 o - 3 potions of flight
 t - 2 potions of degeneration
 v - a potion of might {unknown}
 z - a potion of agility {unknown}
 A - 2 potions of heal wounds {unknown}
 C - a potion of resistance {unknown}
 J - a potion of magic {unknown}
Comestibles
 f - 4 rations


   Skills:
 + Level 5.3 Fighting
 + Level 8.0(8.2) Short Blades
 + Level 2.3(5.6) Long Blades
 + Level 2.5 Throwing
 - Level 4.3 Armour
 + Level 3.2 Dodging
 + Level 2.6 Stealth
 + Level 4.2 Evocations


You had 8 spell levels left.
You didn't know any spells.
Your spell library contained the following spells:

 Spells                   Type           Power        Failure   Level  Hunger
 Animate Skeleton         Necr           N/A          45%         1    ##.....
 Apportation              Tloc           #.....       45%         1    ##.....
 Confusing Touch          Hex            #.....       45%         1    ##.....
 Summon Small Mammal      Summ           #...         45%         1    ##.....


Dungeon Overview and Level Annotations

Branches:
Dungeon (7/15)             Temple (1/1) D:4

Altars:
Ashenzari
Cheibriados
Dithmenos
Elyvilon
Fedhas
Gozag
Hepliaklqana
Kikubaaqudgha
Makhleb
Nemelex Xobeh
Okawaru
Qazlal
Ru
Sif Muna
Trog
Uskayaw
Vehumet
Wu Jian
Xom
The Shining One


Message History

Items here: ( )) [ a +0 mace; 14 stones; a +0 dagger; a +0 robe Pain shoots through your body!
Something barely misses you. Something hits you but does no damage.
Items here: ( )) [ a +0 mace; 14 stones; a +0 dagger; a +0 robe You hit something.
Something hits you but does no damage.
You miss something. You hit something but do no damage.
You hear something invoke the aid of Beogh against you.
Beogh smites you!
* * * LOW HITPOINT WARNING * * *
You hit something. Something hits you.
* * * LOW HITPOINT WARNING * * *
You closely miss something.
You hear something call down the wrath of Beogh upon you.
Beogh smites you!
You die...
Your body crumbles into a pile of gold.

).# #............# ###
#..#####.....#
#####..###.....##################
....>............[...............
####......##...######........####
#..###.####.# #........#
#......####.# #........#
#.######.[..######........####
#............@{...............
####.......#######).......####
#...#.#.# #........# #.###.#.#
#....[...# #.# #.#.# #........#
#.# #...# #........# #.#
###########........# # #.#
................# # #'#
######......#### #


There were no monsters in sight!

Vanquished Creatures
  2 orc warriors
  2 phantoms
  An ice beast (D:5)
  4 ogres
  A big kobold (D:5)
  A bullfrog (D:7)
  2 gnoll sergeants (D:7)
  A scorpion (D:3)
  A howler monkey (D:6)
  A bullfrog zombie (D:7)
  A crimson imp (D:6)
  2 hounds
  A jelly (D:6)
  2 orc priests (D:6)
  A gnoll shaman (D:4)
  2 centaur skeletons
  A centaur zombie (D:6)
  5 orc wizards
  Natasha (thrice) (D:4)
  An iguana (D:6)
  6 worker ants
  2 killer bee zombies
  A hound skeleton (D:5)
  Robin (D:3)
  16 gnolls
  7 adders
  4 adder skeletons
  6 worms
  A dart slug (D:1)
  6 leopard geckos
  23 orcs
  4 ball pythons
  6 bats
  7 giant cockroaches
  10 goblins
  10 hobgoblins
  14 jackals
  6 quokkas
  4 frilled lizards
  22 kobolds
  A leopard gecko skeleton (D:7)
  A leopard gecko zombie (D:7)
  A quokka skeleton (D:6)
  A quokka zombie (D:5)
  7 rats
  A bush (D:2)
203 creatures vanquished.

Vanquished Creatures (others)
  A plant (D:2)
1 creature vanquished.

Grand Total: 204 creatures vanquished

Notes
Turn   | Place    | Note
-------+----------+-------------------------------------------
     0 | D:1      | H0rd4k the Human Artificer began the quest for the Orb.
     0 | D:1      | Reached XP level 1. HP: 15/15 MP: 3/3
     2 | D:1      | Noticed an ogre
     2 | D:1      | Noticed a dwarf
     4 | D:1      | Noticed an octopode
     4 | D:1      | Noticed a gargoyle
     6 | D:1      | Noticed a merfolk
     6 | D:1      | Noticed a human
     8 | D:1      | Noticed a naga
    10 | D:1      | Noticed a felid
    10 | D:1      | Noticed a centaur
    12 | D:1      | Noticed a spriggan
    14 | D:1      | Noticed an elf
    14 | D:1      | Noticed a vine stalker
    16 | D:1      | Noticed a halfling
    16 | D:1      | Noticed a formicid
    18 | D:1      | Noticed a minotaur
    20 | D:1      | Noticed a draconian
    20 | D:1      | Noticed a demigod
    22 | D:1      | Noticed a demonspawn
    22 | D:1      | Noticed a troll
    24 | D:1      | Noticed a vampire
    26 | D:1      | Noticed a ghoul
    26 | D:1      | Noticed a tengu
   168 | D:1      | Reached XP level 2. HP: 17/21 MP: 4/4
   625 | D:1      | Reached XP level 3. HP: 19/26 MP: 5/5
  1172 | D:2      | Reached skill level 1 in Armour
  1222 | D:2      | Reached XP level 4. HP: 12/32 MP: 6/6
  1453 | D:2      | Noticed an orc warrior
  1477 | D:2      | Killed an orc warrior
  1477 | D:2      | Reached skill level 2 in Short Blades
  1477 | D:2      | Reached XP level 5. HP: 38/38 MP: 7/7
  2148 | D:2      | Found a sacrificial altar of Ru.
  2718 | D:3      | Reached skill level 3 in Short Blades
  2866 | D:3      | Reached XP level 6. HP: 44/44 MP: 8/8
  2943 | D:3      | Noticed Robin
  2997 | D:3      | Killed Robin
  3848 | D:4      | Noticed an ogre
  3861 | D:4      | Killed an ogre
  3861 | D:4      | Reached skill level 1 in Throwing
  3861 | D:4      | Reached XP level 7. HP: 18/51 MP: 9/9
  3998 | D:4      | Found a staircase to the Ecumenical Temple.
  4020 | Temple   | Entered the Ecumenical Temple
  4318 | Temple   | Became a worshipper of Gozag Ym Sagoz the Greedy
  4504 | D:4      | Reached skill level 4 in Short Blades
  4701 | D:4      | Noticed Natasha
  4712 | D:4      | Killed Natasha
  4959 | D:4      | Noticed Natasha
  4965 | D:4      | Killed Natasha
  4974 | D:4      | Noticed Natasha
  4985 | D:4      | Killed Natasha
  4999 | D:5      | Entered Level 5 of the Dungeon
  5143 | D:5      | Reached XP level 8. HP: 32/58 MP: 10/10
  5248 | D:5      | Reached skill level 5 in Short Blades
  5434 | D:5      | Got a pair of encrusted boots
  5440 | D:5      | Identified the +2 pair of boots "Xecotum" {*Slow rElec
                  | Int+6} (You found it on level 5 of the Dungeon)
  6360 | D:5      | Reached skill level 6 in Short Blades
  6778 | D:6      | Reached XP level 9. HP: 64/65 MP: 12/12
  6815 | D:6      | Identified the +8 trident of the Valley {distort, MP-9
                  | Str+2 SInv Stlth+}
  6829 | D:6      | Found a shattered altar of Ashenzari.
  6974 | D:5      | Reached skill level 7 in Short Blades
  7489 | D:6      | Got a spiked leather armour
  7500 | D:6      | Identified the +2 leather armour "Jammualo" {rElec rF+++
                  | rC- Int-4} (You found it on level 6 of the Dungeon)
  8279 | D:7      | Reached skill level 8 in Short Blades
  8284 | D:7      | Reached skill level 5 in Fighting
  8396 | D:7      | Found a hazy altar of Hepliaklqana.
  8591 | D:7      | Reached skill level 1 in Long Blades
  8699 | D:7      | Got a jewelled scale mail
  8710 | D:7      | Identified the +6 scale mail of the Valley {rElec Str+6}
                  | (You found it on level 7 of the Dungeon)
  8822 | D:7      | Killed from afar by an orc priest

Skill      XL: |  1  2  3  4  5  6  7  8  9 |
---------------+----------------------------+-----
Armour         | 1 3 4 |  4.3
Short Blades   | 2 3 4 6 8 |  8.0
Fighting       | 2 3 4 5 |  5.3
Dodging        | 3 |  3.2
Throwing       | 1 2 |  2.5
Evocations     | 4 |  4.2
Stealth        | 2 |  2.6
Long Blades    | 2 |  2.3

Action                   |  1- 3 |  4- 6 |  7- 9 || total
-------------------------+-------+-------+-------++-------
Melee: Short sword       |   118 |    51 |       ||   169
       Dagger            |       |   198 |   583 ||   781
       Long sword        |       |       |   100 ||   100
Evoke: Wand              |     2 |    10 |     5 ||    17
  Use: Scroll            |       |     1 |    16 ||    17
 Stab: Distracted        |       |       |     5 ||     5
       Sleeping          |       |       |     3 ||     3
  Eat: Chunk             |       |     9 |     2 ||    11
       Ration            |       |       |     5 ||     5
Armor: Leather armour    |    21 |    12 |    50 ||    83
       Gold dragon scale |       |   133 |   362 ||   495
       Scale mail        |       |       |    22 ||    22
Dodge: Dodged            |   117 |    31 |   111 ||   259
       Rpst.: Long sword |       |       |    24 ||    24
